AoeStats
← TrushT

Arabia

508480470Analyzed
1v1 RM · 10d ago on Sep 22, 2026· 41m 47s· 2 players
Game mode
Random Map
Map size
Tiny (2 player)
Population
200
Speed
Normal
Resources
Standard
Victory
Conquest
Starting age
Dark Age
Ending age
Imperial Age
RankedLock teamsTeams togetherTeam positionsShared explorationLock speedFull tech treeHidden civsTurbo modeCheats
Victory
Defeat
🇭🇺 Turks · Hungary
1889
+14
🇬🇧 Random · United Kingdom
1839
-14
zz_Highway
6:35 Loom
8:59 Feudal Age
9:39 Double-Bit Axe
19:05 Castle Age
17:22 Horse Collar
17:51 Gold Mining
19:55 Scale Mail Armor
20:07 Bow Saw
20:07 Town Watch
20:51 Squires
23:30 Wheelbarrow
24:56 Bloodlines
25:26 Scale Barding Armor
29:58 Chain Barding Armor
31:59 Heavy Plow
32:14 Fletching
40:03 Imperial Age
38:45 Forging
38:31 Bodkin Arrow
39:17 Stone Mining
39:39 Elite Skirmisher
41:53 Iron Casting
41:22 Padded Archer Armor
42:04 Hand Cart
TrushT
6:40 Loom
9:15 Feudal Age
9:54 Double-Bit Axe
18:47 Castle Age
17:16 Stone Mining
17:20 Horse Collar
18:12 Padded Archer Armor
20:13 Leather Archer Armor
20:18 Bow Saw
30:01 Heavy Plow
31:40 Wheelbarrow
33:00 Town Watch
37:39 Imperial Age
36:42 Hand Cart
37:08 Gold Mining
37:30 Town Patrol
40:41 Conscription
40:56 Scale Barding Armor
41:21 Ring Archer Armor
41:04 Bloodlines
40:55 Husbandry
Connection lost

Rejoining the realm…

Still unreachable

The connection could not be restored.

Session expired

The server has moved on; the page needs a fresh start.